 Dungeon Crawl Stone Soup version 0.25.1-2-g60ff931df9 (webtiles) character file.

Game seed: 12541645289906701792

511082 DerDa the Cryomancer (level 25, -6/195 HPs)
             Began as a Barachi Ice Elementalist on Sept 3, 2020.
             Was a High Priest of Sif Muna.
             Killed from afar by a tengu reaver (29 damage)
             ... with a fireball
             ... on level 3 of the Depths on Sept 4, 2020.
             The game lasted 05:53:58 (84344 turns).

DerDa the Cryomancer (Barachi Ice Elementalist)    Turns: 84344, Time: 05:53:59

Health: -6/195     AC: 13    Str: 13    XL:     25   Next: 9%
Magic:  21/45      EV: 22    Int: 20    God:    Sif Muna [*****.]
Gold:   6823       SH:  8    Dex: 15    Spells: 8/61 levels left

rFire    + . .     SeeInvis +   a - +5 trident of Eketalott {speed, +Blink rElec MR+++ Int-4}
rCold    + + .     Gourm    .   Y - +3 buckler {rF+}
rNeg     . . .     Faith    +   v - +2 robe "Zoarafupt" {*Contam rPois rC++ rCorr}
rPois    +         Spirit   .   x - +2 helmet of the Lumpy Ghosts {+Blink rPois Stlth+}
rElec    +         Reflect  .   K - +2 cloak {MR+}
rCorr    +         Harm     .   (no gloves)
MR       +++++                  z - +2 pair of boots {run}
Stlth    +++.......             G - amulet of faith
HPRegen  0.42/turn              l - ring of wizardry
MPRegen  0.29/turn              Q - ring of see invisible

@: no potions
A: +LOS, swims, slowness 1, strong 1, MP-powered wands, strong legs 2
}: 3/15 runes: decaying, slimy, gossamer
a: Hop, Channel Magic, Forget Spell, Divine Exegesis, Renounce Religion, Evoke
Blink


You were on level 3 of the Depths.
You worshipped Sif Muna.
Sif Muna was extremely pleased with you.
You were very hungry.

You visited 10 branches of the dungeon, and saw 47 of its levels.
You also visited: Trove and Ossuary.

You collected 9374 gold pieces.
You spent 2551 gold pieces at shops.

Inventory:

Hand Weapons
 a - the +5 trident of Eketalott (weapon) {speed, +Blink rElec MR+++ Int-4}
   (You took it off a spriggan on level 6 of the Lair of Beasts)

   Attacks with this weapon are significantly faster.
   It affects your intelligence (-4).
   It insulates you from electricity.
   It affects your resistance to hostile enchantments.
   It lets you blink.
 u - the +5 demon trident "Naxkaxarr" {drain, rElec rC+ Int+4}
   (You found it in a treasure trove)

   A truly terrible weapon, it drains the life of those it strikes.
   It affects your intelligence (+4).
   It protects you from cold.
   It insulates you from electricity.
 M - the +10 rapier "Zeth" {elec, rPois}
   (You found it on level 8 of the Dungeon)

   Occasionally, upon striking a foe, it will discharge some electrical energy
   and cause terrible harm.
   It protects you from poison.
Armour
 h - the +2 leather armour "Giohouk" {rPois rCorr Int+2}
   (You found it on level 5 of the Pits of Slime)

   It affects your intelligence (+2).
   It protects you from poison.
   It provides partial protection from all sources of acid and corrosion.
 v - the +2 robe "Zoarafupt" (worn) {*Contam rPois rC++ rCorr}
   (You found it on level 4 of the Dungeon)

   It greatly protects you from cold.
   It protects you from poison.
   It causes magical contamination when unequipped.
   It provides partial protection from all sources of acid and corrosion.
 x - the +2 helmet of the Lumpy Ghosts (worn) {+Blink rPois Stlth+}
   (You found it on level 3 of the Spider Nest)

   It protects you from poison.
   It lets you blink.
   It makes you more stealthy.
 z - a +2 pair of boots of running (worn)
 K - a +2 cloak of magic resistance (worn)
 U - a +2 cloak of poison resistance
 Y - a +3 buckler of fire resistance (worn)
Magical Staves
 b - an uncursed staff of wizardry
Jewellery
 l - a ring of wizardry (left hand)
 n - an uncursed ring of protection from fire
 r - the ring of Tellekku {MP+9 Dex+3}
   (You found it on level 4 of the Dungeon)

   [ring of magical power]

   It affects your dexterity (+3).
   It affects your magic capacity (+9).
 s - an uncursed ring of wizardry
 G - an amulet of faith (around neck)
 I - an uncursed ring of flight
 O - the brooch of Shielding {Spirit SH+8}
   (You found it on level 5 of the Pits of Slime)

   [amulet of guardian spirit]

   It causes incoming damage to be split between your health and magic.
   It affects your SH (+8).
 Q - a ring of see invisible (right hand)
Wands
 m - a wand of flame (14)
 p - a wand of disintegration (13)
 t - a wand of clouds (19)
 w - a wand of paralysis (46)
 B - a wand of polymorph (20)
 F - a wand of digging (18)
 H - a wand of acid (3)
 T - a wand of iceblast (21)
Scrolls
 f - 7 scrolls of teleportation
 i - 4 scrolls of fog
 j - 23 scrolls of remove curse
 k - 10 scrolls of identify
 y - 5 scrolls of fear
 S - 12 scrolls of magic mapping
 X - 2 scrolls of summoning
Potions
 d - a potion of cancellation
 g - 23 potions of curing
 o - 5 potions of magic
 q - 3 potions of mutation
 A - 5 potions of heal wounds
 C - 8 potions of haste
 J - 3 potions of might
 L - 2 potions of invisibility
 N - 3 potions of brilliance
 P - 3 potions of ambrosia
 V - 2 potions of resistance
 Z - a potion of stabbing
Miscellaneous
 e - a phial of floods
 D - a lightning rod (4/4)
 E - 2 boxes of beasts
 W - 2 phantom mirrors
Comestibles
 c - 15 rations
 R - 7 chunks of flesh


   Skills:
 + Level 15.5 Fighting
 + Level 14.5 Dodging
 - Level 1.7 Stealth
 - Level 4.0 Shields
 * Level 18.9 Spellcasting
 * Level 19.7 Conjurations
 + Level 8.2 Necromancy
 * Level 21.9 Ice Magic
 + Level 10.2 Air Magic
 + Level 12.5 Invocations
 + Level 14.5 Evocations


You had 8 spell levels left.
You knew the following spells:

 Your Spells              Type           Power        Failure   Level  Hunger
a - Freeze                Ice            ####         0%          1    None
b - Frozen Ramparts       Ice            ######       0%          3    None
c - Ozocubu's Armour      Chrm/Ice       ######..     1%          3    None
d - Hailstorm             Conj/Ice       #######.     0%          4    None
e - Summon Ice Beast      Ice/Summ       ######..     1%          4    None
f - Freezing Cloud        Conj/Ice/Air   ######....   1%          6    ####...
g - Ozocubu's Refrigerat  Ice            #######...   1%          6    ####...
h - Orb of Destruction    Conj           #######...   1%          7    ######.
i - Absolute Zero         Ice            #######...   14%         9    #######
j - Dispel Undead         Necr           ######..     1%          4    None
k - Airstrike             Air            ######....   1%          4    None
q - Blink                 Tloc           N/A          1%          2    None

Your spell library contained the following spells:

 Spells                   Type           Power        Failure   Level  Hunger
 Magic Dart               Conj           ####         0%          1    None
 Shock                    Conj/Air       ####         0%          1    None
 Searing Ray              Conj           ######       0%          2    None
 Static Discharge         Conj/Air       ######..     0%          3    None
 Animate Skeleton         Necr           N/A          1%          1    None
 Apportation              Tloc           ###...       1%          1    None
 Corona                   Hex            ###....      1%          1    None
 Foxfire                  Conj/Fire      ####         1%          1    None
 Infusion                 Chrm           ###.         1%          1    None
 Pain                     Necr           ####         1%          1    None
 Sandblast                Erth           ###...       1%          1    None
 Sting                    Tmut/Pois      ###.         1%          1    None
 Summon Butterflies       Summ           ###.....     1%          1    None
 Summon Small Mammal      Summ           ###.         1%          1    None
 Call Imp                 Summ           ###.....     1%          2    None
 Corpse Rot               Necr/Air       N/A          1%          2    None
 Ensorcelled Hibernation  Hex/Ice        ######       1%          2    None
 Passwall                 Tmut/Erth      ###.....     1%          2    None
 Poisonous Vapours        Pois/Air       #####.       1%          2    None
 Shroud of Golubria       Chrm/Tloc      ###...       1%          2    None
 Slow                     Hex            ###.....     1%          2    None
 Song of Slaying          Chrm           ###.....     1%          2    None
 Sublimation of Blood     Necr           ######....   1%          2    None
 Swiftness                Chrm/Air       #####...     1%          2    None
 Conjure Flame            Conj/Fire      ######..     1%          3    None
 Dazzling Flash           Conj/Hex       ######       1%          3    None
 Mephitic Cloud           Conj/Pois/Air  ######..     1%          3    None
 Stone Arrow              Conj/Erth      ######       1%          3    None
 Vampiric Draining        Necr           ######....   1%          3    None
 Animate Dead             Necr           N/A          1%          4    None
 Fulminant Prism          Conj/Hex       ######....   1%          4    None
 Ice Form                 Ice/Tmut       ######..     1%          4    None
 Iskenderun's Mystic Bla  Conj/Tloc      ######..     1%          4    None
 Sticky Flame             Conj/Fire      ######..     1%          4    None
 Summon Lightning Spire   Summ/Air       #####...     1%          4    None
 Agony                    Necr           ######..     1%          5    ##.....
 Fireball                 Conj/Fire      ######....   1%          5    ##.....
 Irradiate                Conj/Tmut      ######....   1%          5    ##.....
 Iskenderun's Battlesphe  Conj/Chrm      ######..     1%          5    ##.....
 Lightning Bolt           Conj/Air       ######....   1%          5    ##.....
 Metabolic Englaciation   Hex/Ice        ######....   1%          5    ##.....
 Conjure Ball Lightning   Conj/Air       ######....   1%          6    ####...
 Simulacrum               Ice/Necr       ######....   1%          6    ####...
 Bolt of Magma            Conj/Fire/Erth #####.....   2%          5    ##.....
 Confusing Touch          Hex            ###.....     3%          3    None
 Gell's Gravitas          Tloc           ###.......   3%          3    None
 Ignite Poison            Fire/Tmut/Pois ###.....     3%          3    None
 Inner Flame              Hex/Fire       ###.....     3%          3    None
 Lesser Beckoning         Tloc           ###.......   3%          3    None
 Portal Projectile        Hex/Tloc       ###...       3%          3    None
 Recall                   Summ/Tloc      N/A          3%          3    None
 Spectral Weapon          Hex/Chrm       ###.....     3%          3    None
 Summon Guardian Golem    Hex/Summ       ###.....     3%          3    None
 Teleport Other           Tloc           ###.....     3%          3    None
 Tukima's Dance           Hex            ###.....     3%          3    None
 Iron Shot                Conj/Erth      ######....   3%          6    ####...
 Starburst                Conj/Fire      ######....   3%          6    ####...
 Silence                  Hex/Air        #####.....   4%          5    ##.....
 Borgnjor's Vile Clutch   Necr/Erth      #####.....   6%          5    ##.....
 Excruciating Wounds      Chrm/Necr      #####.....   6%          5    ##.....
 Death Channel            Necr           ######....   6%          6    ####...
 Cause Fear               Hex            ###.......   12%         4    None
 Leda's Liquefaction      Hex/Erth       ###.......   12%         4    None
 Olgreb's Toxic Radiance  Pois           ###.....     12%         4    None
 Passage of Golubria      Tloc           N/A          12%         4    None
 Petrify                  Tmut/Erth      ###.....     12%         4    None
 Spellforged Servitor     Conj/Summ      ######....   16%         7    ######.
 Chain Lightning          Conj/Air       ######....   16%         8    #######
 Alistair's Intoxication  Tmut/Pois      ###.....     30%         5    ##.....
 Aura of Abjuration       Summ           ###.......   30%         5    ##.....
 Blade Hands              Tmut           ###.......   30%         5    ##.....
 Lee's Rapid Deconstruct  Erth           ###.......   30%         5    ##.....
 Summon Demon             Summ           ###.......   30%         5    ##.....
 Summon Forest            Summ/Tloc      ###.......   30%         5    ##.....
 Summon Mana Viper        Hex/Summ       ###.....     30%         5    ##.....
 Yara's Violent Unravell  Hex/Tmut       ###.......   30%         5    ##.....
 Lehudib's Crystal Spear  Conj/Erth      ######....   75%         8    #######
 Darkness                 Hex            ###.......   83%         6    ####...
 Dispersal                Tloc           ###.......   83%         6    ####...
 Eringya's Noxious Bog    Tmut/Pois      ###.......   83%         6    ####...
 Hydra Form               Tmut           ###.......   83%         6    ####...
 Invisibility             Hex            ###.....     83%         6    ####...
 Shadow Creatures         Summ           N/A          83%         6    ####...
 Statue Form              Tmut/Erth      ###......    83%         6    ####...
 Haunt                    Necr/Summ      #####.....   83%         7    ######.
 Borgnjor's Revivificati  Necr           ######....   91%         8    #######
 Dragon Form              Tmut           ###.......   100%        7    ######.
 Malign Gateway           Summ/Tloc      ###.......   100%        7    ######.
 Monstrous Menagerie      Summ           ###.......   100%        7    ######.
 Ring of Flames           Chrm/Fire      ###.......   100%        7    ######.
 Summon Greater Demon     Summ           ###.......   100%        7    ######.
 Controlled Blink         Tloc           N/A          100%        8    #######
 Death's Door             Chrm/Necr      #####.....   100%        8    #######
 Discord                  Hex            ###.......   100%        8    #######
 Disjunction              Tloc           ###.......   100%        8    #######
 Ignition                 Fire           ###.......   100%        8    #######
 Necromutation            Tmut/Necr      #####.....   100%        8    #######
 Summon Horrible Things   Summ           ###.......   100%        8    #######
 Dragon's Call            Summ           ###.......   100%        9    #######
 Fire Storm               Conj/Fire      ######....   100%        9    #######
 Shatter                  Erth           ###.......   100%        9    #######
 Tornado                  Air            ######....   100%        9    #######


Dungeon Overview and Level Annotations

Branches:
Dungeon (15/15)            Temple (1/1) D:4            Lair (6/6) D:10
  Swamp (4/4) Lair:2       Spider (4/4) Lair:3        Slime (5/5) Lair:5
    Orc (2/2) D:9             Elf (3/3) Orc:2        Vaults (4/5) D:13
  Crypt (0/3) Vaults:3     Depths (3/5) D:15        Ossuary (visited)

Altars:
Ashenzari
Cheibriados
Dithmenos
Elyvilon
Fedhas
Gozag
Hepliaklqana
Kikubaaqudgha
Makhleb
Nemelex Xobeh
Okawaru
Qazlal
Ru
Sif Muna
Trog
Uskayaw
Vehumet
Wu Jian
Xom
Yredelemnul
Zin
The Shining One
Beogh
Jiyva

Shops:
D:5 }[[(   D:8 *   Orc:2 *([=   Elf:1 (   Depths:3 }=}

Portals:
Hell: Depths:1 Depths:2
Abyss: Depths:1 Depths:2 Depths:3

Annotations:
D:14 1 runed translucent door, Hofacaf's ghost, adept MfHu


Innate Abilities, Weirdness & Mutations

You can be seen from farther away. (+LOS)
You can swim through water.
You cover ground slowly.
You can hop long distances.
Your muscles are strong. (Str +2)
You expend magic power (3 MP) to strengthen your wands.


Message History

The ice dragon resists.
The ice dragon is almost dead.
The tengu warrior is severely wounded.
The tengu reaver hits you with a +1 battleaxe of freezing!
* * * LOW HITPOINT WARNING * * *
The tengu reaver pecks you.
* * * LOW HITPOINT WARNING * * *
You block the tengu reaver's attack. The ice dragon bites you.
* * * LOW HITPOINT WARNING * * *
The ice dragon claws you but does no damage.
The ice dragon closely misses you.
Unknown command.
Casting: Ozocubu's Refrigeration (safe; 1% risk of failure)
Confirm with . or Enter, or press ? or * to list all spells.
You blink.
Unknown command.
You open the door.
The tengu reaver points at you and mumbles some strange words.
The fireball explodes!
The fireball engulfs you!! You resist.
You die...

.......#..#♣...⌠...♣##..#########
.......#..#♣.∩...∩.♣#...'#....)..
.......#..#♣♣..∩..♣♣##..#.#######
.......#..# ♣♣...♣♣ ##.##.......
.......#..###♣♣♣♣♣#####.#########
.......#....# ##......##
.......#'####### #.#####☼.##
#..........###.#####.∩.# +##
#.≈§≈≈≈≈≈≈.'@....Q.....# *...
#.§§≈≈###≈.###...DQ....#.....
#.≈§§≈# #≈.# ##.######.(8...)
#.§§§≈###§.####.######.#.....
#.≈≈≈≈≈≈≈≈.'.........#.#.....
#####..........####.####...# #+##
...............# #.# .##
.≈≈≈≈≈≈.)......# #.. .#
.≈≈###≈........# #### #


You could see an ice dragon, a tengu reaver and a tengu warrior.

Vanquished Creatures
  the Royal Jelly (Slime:5)
  Sojobo (Depths:1)
  Saint Roka (Vaults:1)
  Frederick (Vaults:4)
  A bone dragon (Swamp:4)
  Arachne (Spider:4)
  2 tentacled monstrosities
  2 deep elf master archers (Elf:3)
  2 deep elf blademasters (Elf:3)
  17 acid blobs
  Frances (Swamp:2)
  2 sphinxes
  A shadow dragon (Elf:1)
  5 thorn hunters (Swamp:3)
  Kirke (Lair:6)
  2 tengu reavers (Depths:1)
  2 storm dragons
  The ghost of Yzxaosih the Fighter, an adept FoVM of Makhleb (Lair:6)
  11 azure jellies
  Donald (Elf:3)
  An iron dragon (Depths:3)
  4 deep elf sorcerers
  2 orc warlords (Orc:2)
  5 frost giants
  Aizul (Depths:1)
  5 ghost moths
  11 emperor scorpions
  4 fire giants
  15 vault wardens
  4 deep elf elementalists
  10 ironheart preservers
  18 very ugly things
  15 stone giants
  2 vampire knights
  2 war gargoyles
  4 entropy weavers
  14 deep elf demonologists
  4 deep elf annihilators
  5 dire elephants (Depths:2)
  9 spark wasps
  Azrael (Elf:2)
  3 ettins (Depths:2)
  2 deep elf death magi (Elf:3)
  8 death oozes
  Snorg (D:11)
  2 deep elf high priests
  2 crystal guardians (Vaults:3)
  19 great orbs of eyes
  5 fire dragons
  10 yaktaur captains
  5 rakshasas
  9 ice dragons
  Harold (D:7)
  5 ghost crabs
  A spriggan air mage (Depths:2)
  8 vault guards
  12 hydras
  A catoblepas (D:11)
  A caustic shrike simulacrum (Depths:1)
  A hell beast (Depths:1)
  The ghost of Elkerch the Quickloader, a journeyman CeAM of Okawaru (D:9)
  5 shambling mangroves
  3 death knights
  16 centaur warriors
  46 two-headed ogres
  28 dancing weapons
  17 ogre magi
  A two-headed ogre (shapeshifter) (D:13)
  2 vampire magi (Depths:2)
  14 alligators
  8 tengu warriors
  An orc high priest (Orc:2)
  Nergalle (Orc:1)
  A deep troll earth mage (D:11)
  A spriggan berserker (Depths:2)
  An iron troll (Depths:1)
  20 deep elf knights
  A sun demon (Depths:1)
  A titan skeleton (Vaults:4)
  11 skeletal warriors
  6 unseen horrors
  A glowing orange brain (Vaults:1)
  5 swamp dragons
  7 wizards
  A flayed ghost (Vaults:2)
  An unseen horror (shapeshifter) (Vaults:1)
  A death drake (shapeshifter) (Elf:1)
  2 spriggan druids
  A deep troll (D:11)
  14 deep elf archers
  4 lindwurms (Lair:2)
  20 orc knights
  20 ironbrand convokers
  2 necromancers
  The ghost of infcreate the Skirmisher, a novice DsAK of Lugonu (D:6)
  32 wolf spiders
  5 harpies (Vaults:3)
  2 spectral hydras
  40 ugly things
  5 moths of wrath
  11 orb spiders
  2 orb spiders (shapeshifter)
  6 shining eyes
  2 tengu skeletons (Vaults:3)
  42 deep elf magi
  5 cyclopes
  A manticore (shapeshifter) (D:13)
  A frost giant zombie (Vaults:4)
  3 oklob plants
  A frost giant skeleton (Vaults:3)
  A manticore (D:14)
  5 orc sorcerers
  The ghost of Delamore the Basher, a novice GrFi of Okawaru (D:6)
  Maurice (D:9)
  12 elephants
  A spriggan zombie (Depths:1)
  3 black mambas
  A guardian serpent (shapeshifter) (Elf:1)
  18 vault sentinels
  9 torpor snails
  2 centaur zombies
  A gargoyle (D:13)
  4 eyes of devastation
  A rime drake (shapeshifter) (Depths:2)
  A kobold demonologist (D:15)
  14 spiny frogs
  2 komodo dragons (shapeshifter)
  37 yaktaurs
  4 freezing wraiths
  5 swamp worm zombies (Swamp:4)
  A rime drake (Lair:4)
  Maggie (D:9)
  An efreet (D:11)
  10 komodo dragons
  A yaktaur (shapeshifter) (Vaults:2)
  14 demonic crawlers
  9 trolls
  3 hydra zombies (Swamp:4)
  8 tengu conjurers
  5 polar bears
  A queen bee (Lair:2)
  A queen bee (shapeshifter) (Depths:1)
  39 jumping spiders
  Prince Ribbit (D:7)
  7 tyrant leeches
  A harpy skeleton (D:14)
  4 spectral swamp dragons (Swamp:4)
  An alligator zombie (Swamp:4)
  5 blink frogs
  A frost giant simulacrum (Vaults:4)
  14 bog bodies
  30 hornets
  167 slime creatures
  5 hippogriffs
  6 water elementals
  A stone giant simulacrum (Vaults:3)
  59 redbacks
  A spriggan (shapeshifter) (Vaults:1)
  A shadow (D:11)
  A tarantella (shapeshifter) (Vaults:1)
  31 yaks
  The ghost of doomsgape the Geomancer, an amateur GrEE (D:6)
  3 air elementals
  An ettin skeleton (Vaults:3)
  21 spriggans
  26 tarantellas
  A yak (shapeshifter) (Vaults:1)
  3 vampires
  3 wraiths
  7 wyverns
  A golden eye (shapeshifter) (Elf:2)
  6 golden eyes (Slime:4)
  A basilisk (D:15)
  6 fire elementals
  6 hogs (Lair:6)
  A hungry ghost (D:13)
  18 vampire mosquitoes
  A basilisk (shapeshifter) (Vaults:3)
  A steam dragon (Lair:5)
  An acid dragon (shapeshifter) (Depths:1)
  5 insubstantial wisps
  2 soldier ants
  7 wargs
  19 swamp worms
  Duvessa (D:4)
  5 acid dragons
  3 hell hounds (Elf:2)
  7 water moccasins
  A floating eye (Depths:2)
  7 porcupines
  6 black bears
  4 swamp dragon zombies (Swamp:4)
  58 orc warriors
  5 eyes of draining
  An ice beast (D:11)
  A deep troll skeleton (Vaults:3)
  A black bear (shapeshifter) (Vaults:1)
  12 swamp drakes
  A necrophage (D:11)
  8 phantoms
  2 sky beasts
  3 hornet zombies
  17 wolves
  An elf skeleton (Vaults:3)
  18 boggarts
  19 centaurs
  51 ogres
  11 crocodiles
  6 human skeletons (Vaults:3)
  3 big kobolds
  Blork the orc (D:4)
  19 bullfrogs
  2 wyvern zombies
  A human zombie (Vaults:4)
  2 earth elementals
  A deep troll simulacrum (Vaults:2)
  A gnoll sergeant (D:11)
  A wyvern skeleton (D:8)
  6 scorpions
  Dowan (D:4)
  29 killer bees
  4 howler monkeys
  23 wights
  An electric eel (Spider:2)
  4 crimson imps
  3 bullfrog zombies
  5 hounds
  5 jellies
  3 quasits
  25 orc priests
  2 centaur skeletons
  4 bullfrog skeletons
  A gnoll shaman (D:9)
  Jessica (D:2)
  4 iguanas
  Natasha (twice) (D:2)
  39 orc wizards
  7 hell rats (Lair:4)
  12 worker ants
  A killer bee zombie (Ossuary)
  2 hound zombies
  2 hound skeletons
  15 mummies (Ossuary)
  5 worker ant zombies
  12 gnolls
  8 adders
  A swamp drake zombie (Swamp:4)
  3 shadow imps (D:7)
  10 oozes
  An adder skeleton (D:7)
  2 adder zombies (Ossuary)
  4 worms
  4 dart slugs
  5 leopard geckos
  108 orcs
  5 giant cockroaches
  8 goblins
  3 hobgoblins
  9 jackals
  4 quokkas
  2 ball pythons
  6 bats
  4 frilled lizards
  A giant cockroach zombie (Ossuary)
  28 kobolds
  2 leopard gecko zombies (Ossuary)
  7 rats
  A block of ice (Depths:1)
  40 briar patches (Swamp:3)
  18 fungi
  14 plants
2201 creatures vanquished.

Vanquished Creatures (collateral kills)
  2 acid blobs (Slime:5)
  A hydra (D:12)
  An alligator (Swamp:1)
  A two-headed ogre (D:11)
  2 death yaks (Lair:3)
  2 tengu warriors (D:11)
  An elephant (Lair:5)
  4 black mambas
  A spiny frog (Lair:1)
  A komodo dragon (Lair:4)
  A rime drake (Lair:6)
  2 blink frogs
  3 polar bears
  A dream sheep (Lair:6)
  A hippogriff (Lair:2)
  A shadow (D:7)
  2 spriggans (Lair:6)
  2 yaks
  A basilisk (Lair:3)
  Menkaure (D:7)
  A black bear (Lair:6)
  3 wolves (Lair:6)
  A bullfrog (D:7)
  A wight (D:11)
  The ghost of iamyoyoman the Firebug, a weakling DrFE (D:6)
  A centaur zombie (D:7)
  An iguana (D:11)
  A shadow imp (D:5)
41 creatures vanquished.

Vanquished Creatures (others)
  An ironheart preserver (Vaults:1)
  A very ugly thing (Depths:2)
  A spriggan druid (Swamp:4)
  A deep elf mage (Elf:1)
  2 spriggans (Swamp:4)
  An insubstantial wisp (Swamp:4)
  31 blocks of ice
  16 fungi
  13 plants
  6 toadstools
  5 withered plants
78 creatures vanquished.

Grand Total: 2320 creatures vanquished

Notes
Turn   | Place    | Note
-------+----------+-------------------------------------------
     0 | D:1      | DerDa the Barachi Ice Elementalist began the quest for the
                  | Orb.
     0 | D:1      | Reached XP level 1. HP: 13/13 MP: 3/3
   170 | D:1      | Reached skill level 5 in Ice Magic
   467 | D:1      | Reached XP level 2. HP: 14/19 MP: 2/5
  1146 | D:2      | Reached XP level 3. HP: 24/24 MP: 2/7
  1325 | D:2      | Noticed Jessica
  1329 | D:2      | Killed Jessica
  1375 | D:2      | Found a faded altar of an unknown god.
  1401 | D:2      | Reached XP level 4. HP: 30/30 MP: 6/9
  1406 | D:2      | Learned a level 3 spell: Frozen Ramparts
  1410 | D:2      | Learned a level 3 spell: Ozocubu's Armour
  1625 | D:2      | Noticed Natasha
  1656 | D:2      | Killed Natasha
  1656 | D:2      | Reached skill level 6 in Ice Magic
  1663 | D:2      | Found a basalt altar of Yredelemnul.
  1663 | D:2      | Found a glowing golden altar of the Shining One.
  1663 | D:2      | Found a shimmering altar of Xom.
  1663 | D:2      | Found a snail-covered altar of Cheibriados.
  1664 | D:2      | Found a shattered altar of Ashenzari.
  1665 | D:2      | Found a blossoming altar of Fedhas.
  2132 | D:2      | Found a sparkling altar of Nemelex Xobeh.
  2133 | D:2      | Found an opulent altar of Gozag.
  2239 | D:2      | Noticed Natasha
  2245 | D:2      | Killed Natasha
  2245 | D:2      | Reached XP level 5. HP: 35/35 MP: 1/11
  3109 | D:3      | Reached XP level 6. HP: 41/41 MP: 2/12
  3225 | D:3      | Reached skill level 7 in Ice Magic
  3311 | D:3      | You fall into a shaft and drop 3 floors!
  3369 | D:6      | Found a runed translucent gate.
  3369 | D:6      | Found a runed translucent gate.
  3375 | D:6      | Noticed iamyoyoman's ghost (weakling DrFE)
  3376 | D:6      | Found a runed translucent gate.
  3376 | D:6      | Noticed Delamore's ghost (novice GrFi)
  3377 | D:6      | Noticed doomsgape's ghost (amateur GrEE)
  3377 | D:6      | Noticed infcreate's ghost (novice DsAK)
  3445 | D:5      | Entered Level 5 of the Dungeon
  3445 | D:5      | Found Waupt's Gadget Boutique.
  3473 | D:4      | Noticed Blork the orc
  3478 | D:5      | Reached skill level 5 in Spellcasting
  3518 | D:5      | Learned a level 4 spell: Hailstorm
  3523 | D:5      | Learned a level 4 spell: Summon Ice Beast
  3540 | D:4      | Reached skill level 1 in Conjurations
  3548 | D:4      | Killed Blork the orc
  3548 | D:4      | Reached XP level 7. HP: 9/46 MP: 6/15
  3616 | D:4      | Noticed Dowan
  3859 | D:4      | Got a crude robe
  3869 | D:4      | Identified the +2 robe "Zoarafupt" {*Contam rPois rC++
                  | rCorr} (You found it on level 4 of the Dungeon)
  4491 | D:4      | Noticed Duvessa
  4497 | D:4      | Killed Dowan
  4506 | D:4      | Killed Duvessa
  4506 | D:4      | Reached skill level 8 in Ice Magic
  4801 | D:4      | Got an ancient turquoise ring
  4849 | D:4      | Reached XP level 8. HP: 52/52 MP: 13/17
  4900 | D:4      | Found a hazy altar of Hepliaklqana.
  4949 | D:4      | Found a staircase to the Ecumenical Temple.
  4976 | Temple   | Entered the Ecumenical Temple
  5022 | Temple   | Became a worshipper of Sif Muna the Loreminder
  5268 | D:5      | Found Ycogirha's Antique Armour Boutique.
  5633 | D:5      | Found Lotachai's Antique Armour Shop.
  5665 | D:5      | Reached skill level 1 in Fighting
  5794 | D:5      | Reached skill level 9 in Ice Magic
  5794 | D:5      | Reached skill level 1 in Evocations
  5809 | D:5      | Reached skill level 1 in Invocations
  5874 | D:5      | Found Lurhiut's Antique Weapon Shoppe.
  5933 | D:5      | Bought a translucent war axe for 289 gold pieces
  5933 | D:5      | Identified the +1 war axe of the Equator {freeze, rPois
                  | Str+2 Int-5 Dex+3} (You bought it in a shop on level 5 of
                  | the Dungeon)
  6715 | D:5      | Identified the ring of Tellekku {MP+9 Dex+3} (You found it
                  | on level 4 of the Dungeon)
  7016 | D:6      | Reached XP level 9. HP: 61/61 MP: 19/19
  7150 | D:6      | Reached * piety under Sif Muna
  7150 | D:6      | Reached skill level 5 in Conjurations
  8011 | D:7      | Noticed Menkaure
  8371 | D:7      | Killed Menkaure
  8808 | D:7      | Noticed Harold
  8824 | D:7      | Killed Harold
  8824 | D:7      | Reached skill level 10 in Ice Magic
  8824 | D:7      | Reached XP level 10. HP: 28/70 MP: 9/21
  9236 | D:7      | Noticed Prince Ribbit
  9241 | D:7      | Killed Prince Ribbit
  9422 | D:7      | Killed an unseen horror
  9877 | D:7      | Reached ** piety under Sif Muna
 10108 | D:8      | Got a crude rapier
 10108 | D:8      | Identified the +10 rapier "Zeth" {elec, rPois} (You found
                  | it on level 8 of the Dungeon)
 10145 | D:8      | Found Okegoiwk's General Store.
 10171 | D:8      | Bought a potion of curing for 39 gold pieces
 10171 | D:8      | Bought a scroll of blinking for 97 gold pieces
 10171 | D:8      | Bought 3 scrolls of identify for 78 gold pieces
 10357 | D:8      | Found a sand-covered staircase.
 10365 | Ossuary  | Entered an ossuary
 10787 | Ossuary  | Reached *** piety under Sif Muna
 10848 | Ossuary  | Reached skill level 11 in Ice Magic
 11059 | D:8      | Reached skill level 5 in Dodging
 11368 | D:9      | Reached XP level 11. HP: 78/78 MP: 21/23
 11577 | D:9      | Reached **** piety under Sif Muna
 11593 | D:9      | Reached skill level 5 in Fighting
 11698 | D:9      | Found a staircase to the Orcish Mines.
 11846 | D:9      | Noticed Maurice
 11854 | D:9      | Killed Maurice
 12079 | D:9      | Noticed Maggie
 12085 | D:9      | Killed Maggie
 12445 | D:9      | Found a runed translucent door.
 12445 | D:9      | Found a shimmering altar of Xom.
 12445 | D:9      | Noticed Elkerch's ghost (journeyman CeAM)
 12445 | D:9      | Noticed a +1 flail of chaos
 12745 | D:10     | Entered Level 10 of the Dungeon
 12948 | D:10     | Reached skill level 5 in Evocations
 13042 | D:10     | Reached ***** piety under Sif Muna
 13192 | D:10     | Found a staircase to the Lair.
 13200 | D:10     | Identified Sif Muna's Compendium of Enchanting Flight (Sif
                  | Muna gifted it to you on level 10 of the Dungeon)
 13200 | D:10     | Received a gift from Sif Muna
 13224 | D:10     | Learned a level 6 spell: Freezing Cloud
 13999 | D:11     | Noticed a cyclops
 14012 | D:11     | Killed a cyclops
 14012 | D:11     | Reached skill level 1 in Air Magic
 14196 | D:11     | Found an ornate altar of the Wu Jian Council.
 14421 | D:11     | Noticed a cyan ugly thing
 14423 | D:11     | Noticed Snorg
 14439 | D:11     | Killed a cyan ugly thing
 14441 | D:11     | Killed Snorg
 14441 | D:11     | Reached skill level 12 in Ice Magic
 14441 | D:11     | Reached XP level 12. HP: 63/88 MP: 18/25
 14551 | D:11     | Noticed a two-headed ogre
 14557 | D:11     | Killed a two-headed ogre
 14797 | D:11     | Noticed a catoblepas
 14822 | D:11     | Killed a catoblepas
 15082 | D:11     | Noticed a centaur warrior
 15082 | D:11     | Noticed a tengu warrior
 15202 | D:11     | Killed a tengu warrior
 15202 | D:11     | Reached skill level 10 in Spellcasting
 15217 | D:11     | Killed a centaur warrior
 15360 | D:11     | Reached skill level 1 in Shields
 15480 | D:11     | Noticed a deep troll earth mage
 15615 | D:11     | Killed a deep troll earth mage
 15745 | D:11     | Noticed a tengu warrior
 15758 | D:11     | Killed a tengu warrior
 16013 | D:11     | Noticed a frost giant
 16127 | D:6      | Killed doomsgape's ghost
 16127 | D:6      | Killed iamyoyoman's ghost
 16131 | D:6      | Killed Delamore's ghost
 16134 | D:6      | Killed infcreate's ghost
 16134 | D:6      | Reached skill level 5 in Invocations
 16379 | D:9      | Killed Elkerch's ghost
 16441 | Lair:1   | Entered Level 1 of the Lair of Beasts
 16592 | Lair:1   | Identified Cittyroj's Incunabulum of Attacks and Evil (Sif
                  | Muna gifted it to you on level 1 of the Lair of Beasts)
 16592 | Lair:1   | Received a gift from Sif Muna
 16632 | Lair:1   | Noticed a four-headed hydra
 16642 | Lair:1   | Killed a four-headed hydra
 16715 | Lair:1   | You fall into a shaft and drop 1 floor!
 16715 | Lair:2   | Found a staircase to the Swamp.
 16730 | Lair:2   | Noticed a six-headed hydra
 16741 | Lair:2   | Killed a six-headed hydra
 16756 | Lair:2   | Reached skill level 10 in Conjurations
 16757 | Lair:2   | Gained mutation: You can hop long distances. [Barachi
                  | growth]
 16757 | Lair:2   | Reached XP level 13. HP: 69/95 MP: 15/27
 17030 | Lair:2   | Reached skill level 13 in Ice Magic
 19123 | Lair:3   | Found a hole to the Spider Nest.
 19200 | Lair:3   | Identified Uluihan's Papyrus of Enchanting Attacks (Sif
                  | Muna gifted it to you on level 3 of the Lair of Beasts)
 19200 | Lair:3   | Received a gift from Sif Muna
 20057 | Lair:2   | Gained mutation: Your body sometimes deteriorates upon
                  | taking damage. [mutagenic glow]
 20136 | Lair:2   | Gained mutation: You are occasionally teleported next to
                  | monsters. [mutagenic glow]
 20321 | Lair:3   | Lost mutation: Your body sometimes deteriorates upon taking
                  | damage. [potion of mutation]
 20321 | Lair:3   | Lost mutation: You are occasionally teleported next to
                  | monsters. [potion of mutation]
 20321 | Lair:3   | Gained mutation: Your muscles are strong. (Str +2) [potion
                  | of mutation]
 20321 | Lair:3   | Gained mutation: You expend magic power (3 MP) to
                  | strengthen your wands. [potion of mutation]
 21521 | Lair:5   | Found a staircase to the Slime Pits.
 21521 | Lair:5   | Found a viscous altar of Jiyva.
 21688 | Lair:5   | Reached XP level 14. HP: 104/104 MP: 9/29
 22163 | Lair:5   | Reached skill level 5 in Air Magic
 23026 | Lair:5   | Reached skill level 14 in Ice Magic
 23283 | Lair:6   | Entered Level 6 of the Lair of Beasts
 23701 | Lair:6   | Found a snail-covered altar of Cheibriados.
 23841 | Lair:6   | Identified Sif Muna's Grimoire of the Lucky Snowflakes (Sif
                  | Muna gifted it to you on level 6 of the Lair of Beasts)
 23841 | Lair:6   | Received a gift from Sif Muna
 23850 | Lair:6   | Learned a level 6 spell: Ozocubu's Refrigeration
 23858 | Lair:6   | Learned a level 7 spell: Orb of Destruction
 25878 | Lair:6   | Found a runed translucent door.
 25884 | Lair:6   | Noticed Yzxaosih's ghost (adept FoVM)
 25884 | Lair:6   | Identified the +5 trident of Eketalott {speed, +Blink rElec
                  | MR+++ Int-4}
 25929 | Lair:6   | Noticed Kirke
 25931 | Lair:6   | Identified Sif Muna's Reference Book on the Evil Escort
                  | (Sif Muna gifted it to you on level 6 of the Lair of
                  | Beasts)
 25931 | Lair:6   | Received a gift from Sif Muna
 25933 | Lair:6   | Killed Kirke
 26171 | Lair:6   | Killed Yzxaosih's ghost
 26598 | Orc:1    | Entered Level 1 of the Orcish Mines
 26651 | Orc:1    | Noticed Nergalle
 26657 | Orc:1    | Killed Nergalle
 26760 | Orc:2    | Entered Level 2 of the Orcish Mines
 26764 | Orc:2    | Reached XP level 15. HP: 112/112 MP: 27/31
 26830 | Orc:1    | Found a roughly hewn altar of Beogh.
 27864 | Orc:2    | Received a gift from Sif Muna
 27933 | Orc:2    | Paralysed by an orc sorcerer for 3 turns
 27940 | Orc:2    | Noticed an orc warlord
 27952 | Orc:2    | Killed an orc warlord
 28057 | Orc:2    | Noticed an orc warlord
 28284 | Orc:2    | Killed an orc warlord
 28284 | Orc:2    | Reached skill level 15 in Ice Magic
 28655 | Orc:2    | Found a bloodstained altar of Trog.
 28739 | Orc:2    | Found a roughly hewn altar of Beogh.
 28745 | Orc:2    | Found Lageoh Ytown's Antique Armour Boutique.
 28745 | Orc:2    | Found Jeupor's General Store.
 28752 | Orc:2    | Found Ysorr's Jewellery Boutique.
 28818 | Orc:2    | Found Kinn's Antique Weapon Boutique.
 28841 | Orc:2    | Found a staircase to the Elven Halls.
 28967 | Orc:2    | Bought 3 scrolls of teleportation for 99 gold pieces
 28967 | Orc:2    | Bought a scroll of teleportation for 33 gold pieces
 28967 | Orc:2    | Bought a potion of curing for 33 gold pieces
 29244 | Orc:2    | Bought a glowing cloak for 255 gold pieces
 29244 | Orc:2    | Bought a runed buckler for 255 gold pieces
 29449 | D:5      | Bought a pair of glowing boots for 210 gold pieces
 29459 | D:5      | Identified a +2 pair of boots of running (You bought it in
                  | a shop on level 5 of the Dungeon)
 29645 | D:11     | Noticed a storm dragon
 29657 | D:11     | Killed a storm dragon
 29972 | D:11     | Identified Sif Muna's Guide on Supportive Talismans
 30029 | D:11     | Killed a frost giant
 30029 | D:11     | Identified Sif Muna's Sophisticated Witchery (Sif Muna
                  | gifted it to you on level 11 of the Dungeon)
 30029 | D:11     | Received a gift from Sif Muna
 30715 | D:12     | Found a sacrificial altar of Ru.
 31375 | D:13     | Identified Sif Muna's Tome of the Compass (Sif Muna gifted
                  | it to you on level 13 of the Dungeon)
 31375 | D:13     | Received a gift from Sif Muna
 31499 | D:13     | Got a masterwork hunting sling
 31499 | D:13     | Identified the +8 hunting sling of Destruction {vorpal,
                  | Int+2} (You found it on level 13 of the Dungeon)
 31952 | D:13     | Found a gate to the Vaults.
 32256 | D:13     | Identified a scroll of acquirement
 32257 | D:13     | Acquired 3650 gold pieces
 32852 | D:14     | You fall into a shaft and drop 1 floor!
 32852 | D:15     | Entered Level 15 of the Dungeon
 32972 | D:14     | Found a runed translucent door.
 32977 | D:14     | Noticed Hofacaf's ghost (adept MfHu)
 33045 | D:14     | Reached XP level 16. HP: 122/122 MP: 23/33
 33045 | D:14     | Identified Sif Muna's Volume of Confrontation (Sif Muna
                  | gifted it to you on level 14 of the Dungeon)
 33045 | D:14     | Received a gift from Sif Muna
 33985 | D:15     | Reached skill level 10 in Fighting
 34392 | D:15     | Got a jewelled kite shield
 34403 | D:15     | Reached ****** piety under Sif Muna
 34718 | D:15     | Found a blossoming altar of Fedhas.
 35041 | D:15     | Found a staircase to the Depths.
 35098 | D:15     | Identified the +2 kite shield of Failure {Slay+3} (You
                  | found it on level 15 of the Dungeon)
 35665 | Swamp:1  | Entered Level 1 of the Swamp
 35778 | Lair:2   | Identified Sif Muna's Almanac of Shifting Hexes (Sif Muna
                  | gifted it to you on level 2 of the Lair of Beasts)
 35778 | Lair:2   | Received a gift from Sif Muna
 35779 | Lair:2   | Reached skill level 16 in Ice Magic
 36940 | Swamp:2  | Learned a level 2 spell: Blink
 37426 | Swamp:2  | Reached skill level 10 in Dodging
 37853 | Swamp:2  | Noticed Frances
 37995 | Swamp:2  | Killed Frances
 38371 | Swamp:2  | Received a gift from Sif Muna
 38788 | Swamp:3  | Reached XP level 17. HP: 85/129 MP: 19/34
 38790 | Swamp:3  | Reached skill level 10 in Evocations
 39179 | Swamp:3  | Noticed a tentacled monstrosity
 39192 | Swamp:3  | Killed a tentacled monstrosity
 39198 | Swamp:4  | Entered Level 4 of the Swamp
 39438 | Swamp:4  | Got a bloodstained great sword
 40720 | Swamp:4  | Received a gift from Sif Muna
 41402 | Swamp:4  | Reached skill level 17 in Ice Magic
 42913 | Swamp:3  | Identified Sif Muna's Almanac of Transformation and
                  | Dislocation (Sif Muna gifted it to you on level 3 of the
                  | Swamp)
 42913 | Swamp:3  | Received a gift from Sif Muna
 43247 | Swamp:4  | Noticed a bone dragon
 43268 | Swamp:4  | Killed a bone dragon
 43294 | Swamp:4  | Got a decaying rune of Zot
 43762 | Spider:1 | Entered Level 1 of the Spider Nest
 44001 | Spider:1 | Reached XP level 18. HP: 130/136 MP: 26/36
 44665 | Orc:2    | Bought an uncursed ring of see invisible for 195 gold
                  | pieces
 44747 | D:10     | Paralysed by fainting for 12 turns
 46298 | Spider:2 | Reached skill level 15 in Conjurations
 46810 | Spider:2 | Identified Nixi's Handbook of Ashen Arcane Weapons (Sif
                  | Muna gifted it to you on level 2 of the Spider Nest)
 46810 | Spider:2 | Received a gift from Sif Muna
 48147 | Spider:3 | Reached skill level 15 in Spellcasting
 48204 | Spider:3 | Got a bloodstained helmet
 48218 | Spider:3 | Identified the +2 helmet of the Lumpy Ghosts {+Blink rPois
                  | Stlth+} (You found it on level 3 of the Spider Nest)
 48910 | Spider:3 | Received a gift from Sif Muna
 50411 | Spider:4 | Entered Level 4 of the Spider Nest
 51054 | Spider:4 | Reached skill level 18 in Ice Magic
 51620 | Spider:4 | Noticed Arachne
 51974 | Spider:4 | Killed Arachne
 51974 | Spider:4 | Reached XP level 19. HP: 125/144 MP: 0/38
 52023 | Spider:4 | Identified Sif Muna's Tome of Attacks and Good Luck (Sif
                  | Muna gifted it to you on level 4 of the Spider Nest)
 52023 | Spider:4 | Received a gift from Sif Muna
 53326 | Spider:4 | Got a gossamer rune of Zot
 53554 | Vaults:1 | Entered Level 1 of the Vaults
 53786 | Vaults:1 | Identified the +10 great sword "Zoror" {freeze, rElec rC+
                  | Str-2 Dex+5} (You found it on level 4 of the Swamp)
 54030 | Vaults:1 | Noticed Saint Roka
 54037 | Vaults:1 | Identified Sif Muna's Tome of Snow (Sif Muna gifted it to
                  | you on level 1 of the Vaults)
 54037 | Vaults:1 | Received a gift from Sif Muna
 54044 | Vaults:1 | Killed Saint Roka
 54052 | Vaults:1 | Reached skill level 10 in Invocations
 55624 | Vaults:1 | Identified Sif Muna's Disquisition on Orientation and the
                  | Frostbite (Sif Muna gifted it to you on level 1 of the
                  | Vaults)
 55624 | Vaults:1 | Received a gift from Sif Muna
 55625 | Vaults:1 | Reached XP level 20. HP: 97/155 MP: 4/40
 56535 | Vaults:1 | Reached skill level 19 in Ice Magic
 57908 | Vaults:2 | Identified Sif Muna's Disquisition on Doomed Battle Magic
                  | (Sif Muna gifted it to you on level 2 of the Vaults)
 57908 | Vaults:2 | Received a gift from Sif Muna
 57951 | Vaults:2 | Learned a level 9 spell: Absolute Zero
 59823 | Vaults:3 | Identified Sif Muna's Compendium of Attacks (Sif Muna
                  | gifted it to you on level 3 of the Vaults)
 59823 | Vaults:3 | Received a gift from Sif Muna
 60255 | Vaults:3 | Reached XP level 21. HP: 135/163 MP: 20/41
 60571 | Vaults:3 | Found Goasuf's Food Emporium.
 60580 | Vaults:3 | Bought a ration for 50 gold pieces
 60580 | Vaults:3 | Bought a ration for 50 gold pieces
 60580 | Vaults:3 | Bought a ration for 50 gold pieces
 60580 | Vaults:3 | Bought a ration for 50 gold pieces
 60580 | Vaults:3 | Bought a ration for 50 gold pieces
 60580 | Vaults:3 | Bought a ration for 50 gold pieces
 60580 | Vaults:3 | Bought a ration for 50 gold pieces
 60580 | Vaults:3 | Bought a ration for 50 gold pieces
 60580 | Vaults:3 | Bought a ration for 50 gold pieces
 60580 | Vaults:3 | Bought a ration for 50 gold pieces
 62229 | Vaults:3 | Identified Sif Muna's Reference Book on Dark Ignition (Sif
                  | Muna gifted it to you on level 3 of the Vaults)
 62229 | Vaults:3 | Received a gift from Sif Muna
 62240 | Vaults:3 | Learned a level 4 spell: Dispel Undead
 62476 | Vaults:3 | Found a staircase to the Crypt.
 62969 | Vaults:3 | Reached skill level 1 in Necromancy
 64236 | Vaults:4 | Reached skill level 20 in Ice Magic
 64419 | Vaults:4 | Found a portal to a secret trove of treasure.
 64428 | Vaults:4 | Noticed Frederick
 64429 | Vaults:4 | Killed Frederick
 65848 | Vaults:4 | Reached XP level 22. HP: 171/171 MP: 24/43
 65907 | Vaults:4 | Identified Sif Muna's Grimoire of Hurtful Malediction (Sif
                  | Muna gifted it to you on level 4 of the Vaults)
 65907 | Vaults:4 | Received a gift from Sif Muna
 67367 | Elf:1    | Entered Level 1 of the Elven Halls
 67985 | Elf:1    | Found Baynonuj's Antique Weapon Emporium.
 68127 | Elf:1    | Bought an ichor-stained broad axe for 234 gold pieces
 68127 | Elf:1    | Bought a scorched quarterstaff for 234 gold pieces
 68128 | Elf:1    | Identified the +0 broad axe of Grandeur {flame, rF+ Str+3}
                  | (You bought it in a shop on level 1 of the Elven Halls)
 68134 | Elf:1    | Identified the +7 quarterstaff of the Shrike {freeze,
                  | Int+2} (You bought it in a shop on level 1 of the Elven
                  | Halls)
 68907 | Elf:1    | Found a runed translucent gate.
 68907 | Elf:1    | Found a runed translucent gate.
 68907 | Elf:1    | Found a runed translucent gate.
 68907 | Elf:1    | Found a runed translucent gate.
 68907 | Elf:1    | Found a runed translucent gate.
 68907 | Elf:1    | Found a runed translucent gate.
 70176 | Elf:2    | Found a huge runed translucent gate.
 70176 | Elf:2    | Found a huge runed translucent gate.
 70177 | Elf:2    | Found a huge runed translucent gate.
 70178 | Elf:2    | Found a huge runed translucent gate.
 70232 | Elf:2    | Found a huge runed translucent gate.
 70496 | Elf:2    | Identified Sif Muna's Handbook of Battle Magic and the
                  | Birds (Sif Muna gifted it to you on level 2 of the Elven
                  | Halls)
 70496 | Elf:2    | Received a gift from Sif Muna
 70536 | Elf:2    | Noticed Azrael
 70542 | Elf:2    | Killed Azrael
 70854 | Elf:2    | Found a shimmering blue altar of Sif Muna.
 71435 | Elf:2    | Reached skill level 5 in Necromancy
 72065 | Elf:3    | Entered Level 3 of the Elven Halls
 72440 | Elf:3    | Noticed Donald
 72448 | Elf:3    | Killed Donald
 72448 | Elf:3    | Reached XP level 23. HP: 106/177 MP: 9/44
 73173 | Elf:3    | Identified the +10 flail of Nemelex Xobeh {drain, Int+2}
 73173 | Elf:3    | Identified the +2 robe of Moral Flaws {Harm Regen+ rCorr
                  | Slay-2}
 73474 | Elf:3    | Identified the +4 great sword of the Past {flame, +Inv +Fly
                  | rF- MR-}
 73524 | Elf:3    | Identified Sif Muna's Disquisition on Shifting Battle Magic
                  | (Sif Muna gifted it to you on level 3 of the Elven Halls)
 73524 | Elf:3    | Received a gift from Sif Muna
 73740 | Elf:3    | Got a fine fustibalus
 73740 | Elf:3    | Identified the +9 fustibalus of Devotion {flame, rPois}
                  | (You found it on level 3 of the Elven Halls)
 73766 | Elf:3    | Identified the +0 chain mail "Woyt" {rPois Dex+4}
 74629 | Vaults:4 | You paid a toll of +4 fire dragon scales to enter a
                  | treasure trove
 74630 | Trove    | Entered a treasure trove
 74658 | Trove    | Got a fine hand crossbow
 74666 | Trove    | Got a faintly glowing war axe
 74712 | Trove    | Got a buzzing quarterstaff
 74714 | Trove    | Got a fading demon trident
 74717 | Trove    | Got a glimmering hunting sling
 74734 | Vaults:4 | Identified the +8 hand crossbow of Wyrd {flame, rPois
                  | Int+4} (You found it in a treasure trove)
 74735 | Vaults:4 | Identified the +8 war axe of Brawling {elec, *Rage rC-
                  | rN+++ Stlth+} (You found it in a treasure trove)
 74738 | Vaults:4 | Identified the +5 demon trident "Naxkaxarr" {drain, rElec
                  | rC+ Int+4} (You found it in a treasure trove)
 74739 | Vaults:4 | Identified the +2 hunting sling "Uddefeup" {freeze, Int+3
                  | Dex+2} (You found it in a treasure trove)
 74747 | Vaults:4 | Identified the +11 quarterstaff "Hulemiod" {freeze, rPois}
                  | (You found it in a treasure trove)
 75044 | Slime:1  | Entered Level 1 of the Pits of Slime
 75752 | Slime:2  | Gained mutation: You have supernaturally acute eyesight.
                  | (SInv) [a shining eye]
 75787 | Slime:2  | Learned a level 4 spell: Airstrike
 76324 | Slime:4  | Lost mutation: You have supernaturally acute eyesight.
                  | (SInv) [a shining eye]
 76347 | Slime:4  | Identified Sif Muna's Grimoire of the Ensnaring Birds (Sif
                  | Muna gifted it to you on level 4 of the Pits of Slime)
 76347 | Slime:4  | Received a gift from Sif Muna
 76518 | Slime:5  | Entered Level 5 of the Pits of Slime
 76526 | Slime:5  | Reached skill level 21 in Ice Magic
 76526 | Slime:5  | Noticed the Royal Jelly
 76530 | Slime:5  | Killed the Royal Jelly
 77244 | Slime:2  | Identified Sif Muna's Compendium of Evil (Sif Muna gifted
                  | it to you on level 2 of the Pits of Slime)
 77244 | Slime:2  | Received a gift from Sif Muna
 77718 | Slime:5  | Found the brooch of Shielding {Spirit SH+8}
 77730 | Slime:5  | Got a slimy rune of Zot
 77731 | Slime:5  | Identified the Collected Works on Floating Calling
 77734 | Slime:5  | Got a pitted leather armour
 77777 | Slime:5  | Identified the Grimoire of Dislocated Black Rites
 77852 | Slime:5  | Reached skill level 10 in Air Magic
 78179 | Slime:5  | Reached XP level 24. HP: 14/186 MP: 14/45
 78601 | Slime:5  | Identified the +2 leather armour "Giohouk" {rPois rCorr
                  | Int+2} (You found it on level 5 of the Pits of Slime)
 78612 | Slime:5  | Identified the +2 hand axe "Juipsong" {vorpal, *Noise +Inv
                  | MP+9 Dex+5} (You found it on level 5 of the Pits of Slime)
 79164 | Depths:1 | Entered Level 1 of the Depths
 79170 | Depths:1 | Found a radiant altar of Vehumet.
 79547 | Depths:1 | Reached skill level 15 in Fighting
 79551 | Depths:1 | Noticed Sojobo
 79554 | Depths:1 | Killed Sojobo
 79555 | Depths:1 | Found a gateway to Hell.
 79616 | Depths:1 | Received a gift from Sif Muna
 80044 | Depths:1 | Found a one-way gate to the infinite horrors of the Abyss.
 80050 | Depths:1 | Noticed Aizul
 80051 | Depths:1 | Killed Aizul
 82101 | Depths:2 | Received a gift from Sif Muna
 82456 | Depths:2 | Found a sparkling altar of Nemelex Xobeh.
 82474 | Depths:2 | Paralysed by a floating eye for 3 turns
 82600 | Depths:2 | Found the +27 Lear's hauberk
 83925 | Depths:3 | Found Eptux's Jewellery Boutique.
 83927 | Depths:3 | Found Evelaoj's Gadget Emporium.
 83927 | Depths:3 | Found Lynott's Gadget Emporium.
 83982 | Depths:3 | Reached XP level 25. HP: 172/195 MP: 22/45
 84334 | Depths:3 | Identified the +1 scale mail of Racrikod {rN+}
 84344 | Depths:3 | Killed from afar by a tengu reaver

Illustrated notes

Levels and vault maps discovered:
D:1:      scummos_arrival_simple_fountains, layout_loops_corners,
          serial_bayou_pond_b, minmay_gold_behind_fungi
D:2:      cheibrodos_fertilizer, layout_loops_ring, minitemple,
          grunt_temple_overflow_opulence, chequers_ecumenical_altar_simple,
          first_ration, corexii_hall_statues_u, minmay_stone_trees_small,
          uniq_jessica, uniq_natasha
D:3:      layout_basic
D:4:      layout_rooms, lemuel_crystal_altar, minmay_temple_entry_offerings,
          uniq_blork_the_orc, uniq_duvessa
D:5:      layout_gridville, serial_shops, nicolae_shop_behind_doors,
          nicolae_shop_trees, shop, shop
D:6:      layout_loops_cross, gammafunk_ghost_cemetery,
          kennysheep_generic_room_14
D:7:      layout_basic, minivault_23, minmay_joined_circles,
          uniq_prince_ribbit1, uniq_menkaure, uniq_harold
D:8:      layout_loops_cross, enter_ossuary_1, serial_shops, shop
D:9:      layout_gridville, david_orc_3, ebering_ghost_xom, grunt_ministairs_9,
          uniq_maurice, uniq_maggie
D:10:     layout_irregular_city, erik_lair_orcish_takeover
D:11:     minmay_sliced_demisemicircle, layout_irregular_city, basic_altar,
          grunt_tengu_nest, uniq_snorg
D:12:     layout_irregular_city, hangedman_ru_absence
D:13:     layout_cave_pools, david_vaults_4
D:14:     layout_roguey, hellmonk_ghost_happy_afterlife,
          hangedman_decor_slide_cut, kennysheep_generic_room_5
D:15:     grunt_enter_depths_snipers, layout_rooms, fedhas_altar_3
Temple:   nicolae_temple_god_jail
Lair:1:   layout_regular_city, st_stairs_13, chequers_serial_rivers_micro_c,
          beast_lair_carwin_1
Lair:2:   layout_roguey, minmay_swamp_entry_reptiles, special_room
          [special_room_bee], minmay_lindwurm_lava, serial_bayou_shore_a
Lair:3:   layout_regular_city, spider_nest_entry_web_field, st_stairs_6
Lair:4:   layout_regular_city, serial_bayou_shore_b, grunt_megastairs_3,
          lemuel_fruit_tree
Lair:5:   layout_gridlike, slime_altar_1, chequers_serial_rivers_small_3,
          forest_entry_grove, grunt_megastairs_1
Lair:6:   minmay_lair_end_enchanted_forest, layout_cave_shapes,
          ebering_ghost_funeral_grove, kennysheep_snail_temple,
          lemuel_fruit_fields, uniq_kirke
Swamp:1:  layout_falls_marsh, nicolae_swamp_trees_clearing
Swamp:2:  layout_basic_swamp, nicolae_swamp_treefoil, swamp_pool5, uniq_frances
Swamp:3:  nicolae_swamp_phyte_club, layout_basic_swamp, hangedman_swamp_pad
Swamp:4:  swamp_pestilence, layout_basic_swamp
Spider:1: layout_spider_delve
Spider:2: layout_spider_delve
Spider:3: layout_chambers, nicolae_spider_shape
Spider:4: spider_rune_water, uniq_arachne
Slime:1:  layout_caves, nicolae_slime_phagocytosis
Slime:2:  layout_caves
Slime:3:  layout_caves
Slime:4:  layout_caves
Slime:5
Orc:1:    layout_diamond_mine, basic_altar, uniq_nergalle
Orc:2:    grunt_orc_cross, layout_diamond_mine, trog_book
Elf:1:    layout_loops_cross, serial_shops, shop, orc_legates,
          grunt_ministairs_1
Elf:2:    layout_onion_city, basic_altar, uniq_azrael
Elf:3:    grunt_elf_hall_branching, layout_gridlike, corexii_hall_statues_l,
          grunt_megastairs_4, uniq_donald
Vaults:1: nicolae_vaults_rhombus_6, dpeg_vaults_monster_box,
          nicolae_vaults_triangles, nicolae_vaults_network_star,
          ontoclasm_vaults_tryst, ontoclasm_vaults_hangar, st_hourglassy,
          hangedman_vaults_stitches, layout_vaults_big_room, uniq_saint_roka
Vaults:2: vaults_standard_mumra_lines, vaults_standard_mumra_enter_the_diamond,
          nicolae_vaults_display_case, v_alt_pattern_5,
          nicolae_vaults_diagonal_hallway_7, ontoclasm_vaults_loading_screen,
          nicolae_vaults_little_squares_4, grunt_vaults_trifunnel,
          layout_vaults_maze_snakey
Vaults:3: nicolae_vaults_twisting_passages, minmay_crypt_entry_skeletal_spiral,
          hangedman_vaults_corner, hangedman_vaults_unwind,
          hangedman_vaults_nails, vaults_mumra_bighexcomb,
          hangedman_vaults_nails, v_misc_3, vaults_dpeg_encased_lava,
          layout_vaults_ring, serial_shops, nicolae_shop_trees
Vaults:4: nicolae_vaults_alarming, v_pattern_2, ontoclasm_vaults_pinch,
          nicolae_vaults_network_periphery, nicolae_vaults_network_barrier,
          vaults_room_grid, nicolae_vaults_network_quincunx
          [nicolae_vaults_network_quincunx_subvault,
          nicolae_vaults_network_quincunx_subvault,
          nicolae_vaults_network_quincunx_subvault,
          nicolae_vaults_network_quincunx_subvault,
          nicolae_vaults_network_quincunx_subvault], v_misc_14,
          hangedman_vaults_stream, v_misc_24, v_misc_14,
          vaults_room_ringed_pool, nicolae_vaults_little_ls, v_misc_23,
          layout_vaults_omnibox, enter_trove_0, uniq_frederick
Depths:1: layout_basic, abyss_entry, basic_altar, grunt_mini_vestibule,
          kennysheep_doodads, patterned_corridor, uniq_sojobo, uniq_aizul
Depths:2: kennysheep_ogre_elephant_herders, layout_basic, hell_entry,
          nemelex_xobeh_ov_fountains_minmay, abyss_entry, grunt_ministairs_11,
          minmay_pinched_square
Depths:3: minmay_the_grid_octo_tiled_octocenter [minmay_the_grid_octo_toaster,
          minmay_the_grid_octo_horde, minmay_the_grid_octo_fat_diamond,
          minmay_the_grid_octo_chip,
          minmay_the_grid_octo_prize_ultimate_mussel_roller,
          minmay_the_grid_square_5x5_eight_small,
          minmay_the_grid_square_5x5_plus, minmay_the_grid_square_5x5_tie,
          minmay_the_grid_square_5x5_dogpile], layout_gridlike, hell_entry,
          abyss_entry, rand_demon_pan_entry_1, minmay_holes,
          infiniplex_staircase_spiral, firewood_loft, minmay_shop_grove

Skill      XL: |  1  2  3  4  5  6  7  8  9 10 11 12 13 14 15 16 17 18 19 20 21 22 23 24 |
---------------+-------------------------------------------------------------------------+-----
Ice Magic      | 5 6 7 8 9 10 11 12 13 14 15 16 17 18 19 20 21 | 21.9
Spellcasting   | 3 4 5 6 7 8 9 10 11 12 13 14 15 16 17 18 | 18.9
Conjurations   | 1 3 4 6 7 9 10 11 12 13 14 15 16 17 18 19 | 19.7
Fighting       | 2 3 4 6 7 8 9 10 11 12 13 14 15 | 15.5
Evocations     | 1 3 4 5 6 7 8 9 10 11 12 13 14 | 14.5
Invocations    | 1 2 3 4 5 6 7 8 9 10 11 12 | 12.5
Dodging        | 4 5 6 7 8 9 10 11 12 13 14 | 14.5
Air Magic      | 1 3 4 6 7 8 9 10 | 10.2
Shields        | 3 4 |  4.0
Necromancy     | 3 5 7 8 |  8.2
Stealth        | |  1.7

Action                   |  1- 3 |  4- 6 |  7- 9 | 10-12 | 13-15 | 16-18 | 19-21 | 22-24 | 25-27 || total
-------------------------+-------+-------+-------+-------+-------+-------+-------+-------+-------++-------
Melee: Club              |    47 |     2 |       |       |       |       |       |       |       ||    49
       Short sword       |       |     3 |    30 |       |       |       |       |       |       ||    33
       War axe           |       |       |    18 |       |       |       |       |       |       ||    18
       Spear             |       |       |    29 |    21 |       |       |       |       |       ||    50
       Rapier            |       |       |       |   210 |   428 |   543 |   205 |       |       ||  1386
       Trident           |       |       |       |       |       |       |   221 |   512 |    55 ||   788
       Staff             |       |       |       |       |       |       |       |     4 |       ||     4
Throw: Stone             |       |     2 |    10 |    12 |     2 |       |     4 |       |       ||    30
 Cast: Freeze            |    34 |    84 |    75 |    37 |    25 |     6 |     6 |    36 |       ||   303
       Frozen Ramparts   |       |     9 |    24 |    51 |    46 |     3 |       |       |       ||   133
       Hailstorm         |       |       |    24 |    96 |   145 |    79 |    48 |    25 |       ||   417
       Summon Ice Beast  |       |       |    12 |    51 |    45 |    12 |     2 |     9 |       ||   131
       Ozocubu's Armour  |       |       |     2 |    14 |    19 |    20 |    12 |     3 |       ||    70
       Freezing Cloud    |       |       |       |       |    11 |    59 |    74 |    41 |     1 ||   186
       Ozocubu's Refrige |       |       |       |       |    72 |   163 |   153 |   216 |    11 ||   615
       Orb of Destructio |       |       |       |       |     5 |   113 |   130 |   154 |     8 ||   410
       Blink             |       |       |       |       |       |       |     2 |     7 |     1 ||    10
       Dispel Undead     |       |       |       |       |       |       |     4 |       |       ||     4
       Absolute Zero     |       |       |       |       |       |       |     1 |    32 |     1 ||    34
       Airstrike         |       |       |       |       |       |       |       |    16 |       ||    16
Invok: Channel Magic     |       |       |       |     4 |     3 |    17 |    19 |    19 |     2 ||    64
       Divine Exegesis   |       |       |       |       |       |       |     1 |       |       ||     1
 Abil: Hop               |       |       |     1 |     1 |     2 |     9 |       |       |       ||    13
Evoke: Wand              |       |       |     7 |    29 |     1 |       |     1 |       |       ||    38
       Lightning rod     |       |       |       |       |       |     7 |    10 |     5 |       ||    22
  Use: Scroll            |       |       |     4 |    13 |     6 |    10 |     8 |    16 |       ||    57
       Potion            |       |       |       |       |    10 |     4 |     3 |     3 |       ||    20
 Stab: Sleeping          |       |       |     3 |     5 |     5 |     2 |     3 |       |     1 ||    19
       Distracted        |       |       |       |       |     2 |       |       |       |       ||     2
  Eat: Chunk             |     2 |     8 |    17 |    27 |    72 |    66 |    98 |    83 |     4 ||   377
       Ration            |       |       |     2 |     3 |     5 |    29 |    13 |    32 |     1 ||    85
Armor: Robe              |     7 |    13 |    27 |    94 |   102 |   242 |   132 |   137 |    16 ||   770
       Skin              |       |       |     7 |       |       |       |       |       |       ||     7
Dodge: Dodged            |    28 |    37 |    87 |   229 |   452 |   785 |   365 |   455 |    43 ||  2481
Block: Buckler           |       |       |       |     5 |   172 |   334 |   151 |   162 |    23 ||   847
